cohdb
Replays
Latest Replays
All Replays
Popular Replays
Top Player Replays
Match Explorer
How It Works
Community
CoH3 Stats
Reddit
Sign in to upload your games and track your stats! →
Sign in with Steam
Match 46769075
Unlisted
Match 46769075
Overview
Messages
Build Orders
End
Construct Infanterie Kompanie
Kettenkrad Recon Vehicle
Selects Terror Battlegroup
Selects Machine Gun Camouflage
MG 42 Machine Gun Team
MG 42 Machine Gun Team
Construct Panzergrenadier Kompanie
Panzergrenadier Squad
Panzergrenadier Squad
251 Medium Carrier
Pak 40 Anti-tank Gun Team
Forward Retreat Point
Skibidi Rizzler
vins88
LeVisir
旧时光
Jm200092
Faurix
Riffraffle
Fonzi
0
0
Comments
sign in to comment!
No comments posted yet!